 Dungeon Crawl Stone Soup version 0.30-a0-134-gb40fab5c76 (webtiles) character file.

Game seed: 7520851504141080243

58 Nedwor the Cutter (level 3, 0/28 HPs)
             Began as a Demonspawn Gladiator on Sept 20, 2022.
             Slain by an orc wizard
             ... wielding a +0 dagger of flaming
              (1 damage)
             ... on level 2 of the Dungeon.
             The game lasted 00:02:58 (2007 turns).

Nedwor the Cutter (Demonspawn Gladiator)            Turns: 2007, Time: 00:02:58

Health: 0/28       AC:  7    Str: 16    XL:     3   Next: 75%
Magic:  3/3        EV: 10    Int:  9    God:
Gold:   66         SH:  3    Dex: 14    Spells: 2/2 levels left

rFire   . . .      SeeInvis .    a - +0 rapier
rCold   . . .      Faith    .    l - +0 buckler
rNeg    . . .      Spirit   .    n - +0 scale mail
rPois   .          Reflect  .    c - +0 helmet
rElec   .          Harm     .    (no cloak)
rCorr   .          Rampage  .    (no gloves)
Will    .....                    (no boots)
Stlth   ..........               (no amulet)
HPRegen 0.09/turn                (no ring)
MPRegen 0.08/turn                (no ring)

@: no status effects
A: powered by death 1
a: no special abilities


You were on level 2 of the Dungeon.
You visited 1 branch of the dungeon, and saw 2 of its levels.

You collected 66 gold pieces.

Inventory:

Hand Weapons
 a - a +0 rapier (weapon)
Missiles
 d - 3 throwing nets (quivered)
 e - a javelin
Armour
 c - a +0 helmet (worn)
 l - a +0 buckler (worn)
 n - a +0 scale mail (worn)
Scrolls
 h - 2 scrolls of teleportation
 j - a scroll of amnesia
Potions
 f - 2 potions of curing
 i - 2 potions of might {unknown}
 k - a potion of brilliance {unknown}
 m - a potion of flight {unknown}


   Skills:
 + Level 2.4 Fighting
 * Level 3.4 Short Blades
 - Level 1.7 Throwing
 + Level 1.2 Armour
 + Level 3.0 Dodging
 + Level 0.2 Shields


You had 2 spell levels left.
You didn't know any spells.
Your spell library contained the following spells:

 Spells                   Type           Power      Damage    Failure   Level
 Portal Projectile        Hex/Tloc       0%         N/A       99%         3
 Tukima's Dance           Hex            0%         N/A       99%         3
 Blade Hands              Tmut           0%         N/A       100%        5


Dungeon Overview and Level Annotations

Branches:
Dungeon (2/15)

Altars:

Shops:
D:2 [


Innate Abilities, Weirdness & Mutations

You regenerate a little health from kills.


Message History

The orc wizard hits you but does no damage.
The orc barely misses you.
You closely miss the orc.
The orc wizard gestures wildly while chanting.
The orc wizard flickers and vanishes!
Deactivating autopickup; reactivate with Ctrl-A.
The orc misses you. Something hits you but does no damage.
You hear some strange, mumbled words.
You are confused.
You're too confused to move!
You bump into the rock wall.
You bump into the rock wall.
Something hits you but does no damage.
You bump into the rock wall.
You feel less confused.
You hear some strange, mumbled words.
A magic dart appears from out of thin air!
The magic dart hits you.
* * * LOW HITPOINT WARNING * * *
The orc closely misses you.
It was a potion of curing.
You feel better. Something hits you but does no damage.
The orc barely misses you.
You hit something. Something hits you but does no damage.
The orc hits you but does no damage.
You barely miss something. Something hits you but does no damage.
The orc hits you but does no damage.
You hit something. Something hits you.
* * * LOW HITPOINT WARNING * * *
Something burns you.
* * * LOW HITPOINT WARNING * * *
The orc closely misses you.
You completely miss something. Something hits you.
* * * LOW HITPOINT WARNING * * *
Something burns you.
* * * LOW HITPOINT WARNING * * *
The orc barely misses you.
You closely miss something. Something hits you.
* * * LOW HITPOINT WARNING * * *
Something burns you.
You die...

## #....?..'. ...#.......# .
...'.?.....# ... #.......# #.#
.## ##'## #.# ..#####...# ..#
.##.#### .....#8.8# #..
.#.....###..# #.{o# ###.#
.#........#.####@##..##..#####
.#....(##.#.##.#'#...# #.....#
.......##....#.......# #....)#
....#######..........####....####
....# #.##...........†.......
....# #.#######......†.......
.#### #.# ############.## .# #.#
#...#......... .# #.#
#.#.#.#####.#.


You could see an orc.

Vanquished Creatures
  2 adders (D:2)
  A worm (D:2)
  An endoplasm (D:2)
  3 goblins (D:1)
  4 hobgoblins
  4 jackals (D:1)
  A quokka (D:1)
  5 ball pythons
  2 bats
  3 frilled lizards
  A kobold (D:1)
  11 rats
38 creatures vanquished.

Vanquished Creatures (others)
  A plant (D:1)
1 creature vanquished.

Grand Total: 39 creatures vanquished

Notes
Turn   | Place    | Note
-------+----------+-------------------------------------------
     0 | D:1      | Nedwor the Demonspawn Gladiator began the quest for the
                  | Orb.
     0 | D:1      | Reached XP level 1. HP: 16/16 MP: 1/1
   264 | D:1      | Gained mutation: You regenerate a little health from kills.
                  | [demonic ancestry]
   264 | D:1      | Reached XP level 2. HP: 18/22 MP: 2/2
   535 | D:1      | Found a faded altar of an unknown god.
  1396 | D:2      | Reached XP level 3. HP: 27/28 MP: 3/3
  1487 | D:2      | Reached skill level 1 in Armour
  1600 | D:2      | Found Moomp's Antique Armour Shoppe.
  1979 | D:2      | Found the +1 Delatra's gloves {ID++}
  2001 | D:2      | HP: 1/28 [something/magic dart (5)]
  2007 | D:2      | HP: 1/28 [something (2)]
  2007 | D:2      | Slain by an orc wizard

Illustrated notes

Levels and vault maps discovered:
D:1:      saegor_arrival_simple_a, layout_basic,
          ebering_ecumenical_altar_sacrificial, serial_bayou,
          serial_bayou_crossing, serial_bayou_shore_a, serial_bayou_lagoon_a,
          serial_bayou_lake_a, serial_bayou_ford_a, serial_bayou_pond_a,
          minmay_rat_gold_closets
D:2:      layout_basic, serial_shops,
          nicolae_shop_temple_entry_statues_fountains, minmay_misc_feat_alley,
          pf_guarded_unrand_delatra

Skill      XL: |  1  2  3 |
---------------+----------+-----
Short Blades   | 3 |  3.4
Armour         | 1 |  1.2
Dodging        | 3 |  3.0
Fighting       | |  2.4
Throwing       | |  1.7
Shields        | |  0.2

Action                   || total
-------------------------++-------
Melee: Rapier            ||   150
  Use: Scroll            ||     3
       Potion            ||     1
 Stab: Sleeping          ||     4
Armor: Leather armour    ||    33
       Scale mail        ||    10
Dodge: Dodged            ||    96
Block: Buckler           ||     8

Table legend: (Time is in decaauts)
 A = Elapsed time spent in this place.
 B = Non-inter-level travel time spent in this place.
 C = Inter-level travel time spent in this place.
 D = Time resting spent in this place.
 E = Time spent auto-exploring this place.
 F = Levels seen in this place.
 G = Mean time per level.
                   A        B        C        D        E       F      G
               +--------+--------+--------+--------+--------+-----+--------+
         Total |   2085 |   2054 |     31 |    246 |   1455 |   2 | 1042.5 |
       Dungeon |   2085 |   2054 |     31 |    246 |   1455 |   2 | 1042.5 |
               +--------+--------+--------+--------+--------+-----+--------+

Top non-repeatable levels by time:
     D:1: 1464 daAuts
     D:2: 621 daAuts
